 Dungeon Crawl Stone Soup version 0.17-a0-2058-g8b0eb12 (webtiles) character file.

817 Eptagon the Chopper (level 7, -11/46 HPs)
             Began as a Gargoyle Berserker on Oct 12, 2015.
             Was an Elder of Trog.
             Mangled by krfreak's ghost (19 damage)
             ... on level 5 of the Dungeon.
             The game lasted 00:08:24 (3591 turns).

Eptagon the Chopper (Gargoyle Berserker)            Turns: 3591, Time: 00:08:24

Health: -11/46     AC: 16    Str: 21    XL:     7   Next: 94%
Magic:  7/7        EV:  6    Int:  7    God:    Trog [****..]
Gold:   123        SH:  0    Dex: 11    Spells: 0 memorised, 6 levels left

rFire  . . .     SeeInvis .     a - +1 hand axe
rCold  . . .     Clarity  .     u - +0 plate armour
rNeg   + . .     SustAt   .     (no shield)
rPois  ∞         Gourm    .     s - +0 helmet
rElec  +         Spirit   .     (no cloak)
rCorr  .         Warding  .     (no gloves)
rMut   .         Stasis   .     (no boots)
MR     .....                    (no amulet)
Stlth  ..........               (no ring)
                                (no ring)

@: exhausted, slowed, very slow, not resistant to hostile enchantments,
extremely unstealthy
A: negative energy resistance 1, electricity resistance, unbreathing,
petrification resistance, rot immunity, AC +4
a: Burn Spellbooks, Berserk, Trog's Hand, Brothers in Arms, Renounce Religion


You were on level 5 of the Dungeon.
You worshipped Trog.
Trog was greatly pleased with you.
You were hungry.

You visited 1 branch of the dungeon, and saw 5 of its levels.

You collected 123 gold pieces.

Inventory:

Hand Weapons
 a - a +1 hand axe (weapon)
Armour
 s - a +0 helmet (worn)
 u - a +0 plate armour (worn)
Jewellery
 f - an uncursed amulet of stasis
Scrolls
 b - a scroll of enchant weapon
 h - a scroll of magic mapping
 i - a scroll of blinking
 k - 2 scrolls of remove curse
 l - a scroll of recharging
 n - a scroll of teleportation {unknown}
 o - 3 scrolls of random uselessness {unknown}
 q - a scroll of fear
 x - a scroll of immolation {unknown}
 y - a scroll of identify
Potions
 d - 3 potions of curing {unknown}
 e - a potion of cure mutation
 g - 3 potions of agility {unknown}
 r - a potion of ambrosia {unknown}
 t - a potion of haste
 z - a potion of resistance {unknown}
Comestibles
 c - 5 bread rations
 j - a slice of pizza
 m - 2 meat rations
 v - a beef jerky


   Skills:
 + Level 6.0 Fighting
 * Level 7.1 Axes
 - Level 2.1 Armour
 - Level 1.5 Dodging


You had 6 spell levels left.
You didn't know any spells.

Dungeon Overview and Level Annotations

Branches:
Dungeon (5/15)
 Temple: D:4-7

Altars:
Ashenzari
Zin

Annotations:
D:5 krfreak's ghost, novice OgBe


Innate Abilities, Weirdness & Mutations

You are resistant to torment.
Your stone body is resilient (AC +4).
You are immune to poison.
You resist negative energy.
You are resistant to electric shocks.
You can survive without breathing.
You are immune to petrification.
You are immune to rotting.


Message History

You completely miss krfreak's ghost.
Krfreak's ghost is heavily damaged.
Krfreak's ghost hits you.
You closely miss krfreak's ghost.
Krfreak's ghost is heavily damaged.
You slash krfreak's ghost!
Krfreak's ghost is severely damaged.
Krfreak's ghost hits you!
* * * LOW HITPOINT WARNING * * *
You feel a strong urge to attack something.
You are no longer berserk.
You are exhausted.
You feel yourself slow down.
You are feeling hungry.
Drink which item? (? for menu, Esc to quit)
You feel much better. Krfreak's ghost hits you!!
Ouch! That really hurt!
* * * LOW HITPOINT WARNING * * *
Krfreak's ghost hits you!!
You die...

.. ##.!......#
...###.........##
..#.............#
................#
...####.........#
###.......# #####
##.....##
##...### #.W.###
##......####@.#
#........###..#
#..........#..#
##..........#.#
#............##
##............#
####
#...<........#
#..##
##..........##
#...#
##.........##


You could see krfreak's ghost.

Vanquished Creatures
  Grinder (D:3)
  Sigmund (D:3)
  The ghost of Xuu the Charmwright, an amateur HESk (D:3)
  A crimson imp (D:5)
  An orc priest (D:4)
  A gnoll shaman (D:4)
  A hound (D:4)
  A worker ant (D:4)
  Natasha (twice) (D:2)
  4 gnolls (D:4)
  5 adders
  2 oozes
  5 worms
  11 orcs
  3 giant cockroaches
  13 goblins
  8 hobgoblins
  6 jackals
  2 quokkas
  3 ball pythons
  8 bats
  2 giant geckos
  3 giant newts
  9 kobolds
  25 rats
119 creatures vanquished.

Notes
Turn   | Place    | Note
--------------------------------------------------------------
     0 | D:1      | Eptagon the Gargoyle Berserker began the quest for the Orb.
     0 | D:1      | Reached XP level 1. HP: 14/14 MP: 1/1
   601 | D:1      | Reached XP level 2. HP: 19/19 MP: 2/2
  1073 | D:1      | Reached XP level 3. HP: 23/23 MP: 3/3
  1095 | D:1      | Acquired Trog's second power
  1659 | D:2      | Found a shattered altar of Ashenzari.
  1791 | D:2      | Noticed Natasha
  1801 | D:2      | Killed Natasha
  1801 | D:2      | Reached skill level 4 in Fighting
  1801 | D:2      | Reached XP level 4. HP: 19/29 MP: 4/4
  2121 | D:2      | Noticed Natasha
  2128 | D:2      | Killed Natasha
  2262 | D:3      | Noticed Grinder
  2262 | D:3      | Noticed Xuu's ghost (amateur HESk)
  2278 | D:3      | Killed Grinder
  2278 | D:3      | Reached skill level 5 in Axes
  2278 | D:3      | Reached XP level 5. HP: 23/34 MP: 5/5
  2278 | D:3      | Reached XP level 6. HP: 27/40 MP: 6/6
  2279 | D:3      | Killed Xuu's ghost
  2279 | D:3      | Reached skill level 5 in Fighting
  2523 | D:3      | Noticed Sigmund
  2525 | D:3      | Reached skill level 6 in Axes
  2537 | D:3      | Killed Sigmund
  2537 | D:3      | Reached XP level 7. HP: 44/44 MP: 7/7
  3234 | D:4      | Acquired Trog's third power
  3330 | D:4      | Reached skill level 7 in Axes
  3355 | D:4      | Found a glowing silver altar of Zin.
  3490 | D:5      | Entered Level 5 of the Dungeon
  3571 | D:5      | Noticed krfreak's ghost (novice OgBe)
  3591 | D:5      | Mangled by krfreak's ghost

Vault maps used:
D:1:      dpeg_arrival_erosion
D:2:      first_bread, nicolae_ashenzari_panopticon, uniq_natasha
D:3:      uniq_sigmund, uniq_grinder
D:4:      zin_scriptorium, minmay_rat_hole
D:5:      nicolae_ossuary_entry_giza

Action                   |  1- 3 |  4- 6 |  7- 9 || total
-------------------------+-------+-------+-------++-------
Melee: Hand axe          |   132 |    80 |   176 ||   388
Invok: Berserk           |     3 |     4 |     2 ||     9
       Trog's Hand       |       |     1 |     1 ||     2
  Use: Scroll            |       |     7 |     4 ||    11
       Potion            |       |       |     1 ||     1
 Stab: Sleeping          |     1 |     1 |       ||     2
  Eat: Chunk             |     5 |     7 |     6 ||    18
